 Dungeon Sprint DCSS version 0.30-a0-534-gdc55766716 (webtiles) character file.

Game seed: 15831011906402113211

4533 rocky1 the Basher (level 10, -6/86 HPs)
             Began as a Demonspawn Gladiator on Dec 25, 2022.
             Was an Initiate of Gozag.
             Mangled by an earth elemental (37 damage)
             ... in the Dungeon (Sprint III: "The Ten Rune Challenge").
             The game lasted 00:05:41 (1569 turns).

rocky1 the Basher (Demonspawn Gladiator)            Turns: 1569, Time: 00:05:41

Health: -6/86      AC:  7    Str: 25    XL:     10   Next: 17%
Magic:  19/19      EV: 15    Int: 10    God:    Gozag
Gold:   2218       SH:  4    Dex: 14    Spells: 18/21 levels left

rFire   . . .      SeeInvis .    a - +0 flail
rCold   . . .      Faith    .    (no shield)
rNeg    . . .      Spirit   .    u - +0 ring mail
rPois   .          Reflect  .    c - +0 helmet
rElec   .          Harm     .    (no cloak)
rCorr   .          Rampage  .    (no gloves)
Will    .....      NoTele   +    (no boots)
Stlth   +                        (no amulet)
HPRegen 0.34/turn                l - +6 ring of strength
MPRegen 0.16/turn                (no ring)

@: no status effects
A: claws 2, hooves 2, foul stench 2, condensation shield, weakness stinger 1
a: Renounce Religion, Potion Petition, Call Merchant, Bribe Branch


You were in the Dungeon.
You worshipped Gozag.
Gozag was most pleased with you.
You visited 1 branch You collected 2597 gold pieces.
You spent 379 gold pieces at shops.

Inventory:

Hand Weapons
 a - a +0 flail (weapon)
Missiles
 d - a throwing net
 e - a javelin (quivered)
Armour
 b - a +0 leather armour
 c - a +0 helmet (worn)
 u - a +0 ring mail (worn)
Jewellery
 l - a +6 ring of strength (left claw)
Wands
 r - a wand of iceblast (4)
Scrolls
 k - a scroll of blinking
 n - 2 scrolls of poison
 p - a scroll of immolation
 w - 2 scrolls of brand weapon
 x - a scroll of enchant armour
 y - a scroll of fear
Potions
 f - 3 potions of curing
 g - a potion of heal wounds
 h - a potion of haste
 i - 2 potions of magic
 m - 3 potions of mutation
 q - 2 potions of flight
 s - a potion of berserk rage
 t - a potion of might
 v - a potion of lignification
Miscellaneous
 j - a tin of tremorstones (2/2)


   Skills:
 + Level 10.7 Fighting
 + Level 12.3 Maces & Flails
 - Level 1.7 Throwing
 + Level 6.2 Armour
 + Level 10.1 Dodging
 + Level 6.1 Spellcasting
 + Level 6.2 Ice Magic
 + Level 8.0 Evocations


You had 18 spell levels left.
You knew the following spells:

 Your Spells              Type           Power      Damage    Failure   Level
a - Frozen Ramparts       Ice            30%        1d5       7%          3

Your spell library contained the following spells:

 Spells                   Type           Power      Damage    Failure   Level
 Foxfire                  Conj/Fire      12%        2x1d4     30%         1
 Ice Form                 Ice/Tmut       9%         N/A       63%         4
 Summon Ice Beast         Ice/Summ       9%         N/A       63%         4
 Fireball                 Conj/Fire      1%         3d3       100%        5
 Starburst                Conj/Fire      1%         6d3       100%        6


Dungeon Overview and Level Annotations

Branches:
Dungeon (1/1)

Altars:
Cheibriados
Dithmenos
Fedhas
Gozag
Hepliaklqana
Kikubaaqudgha
Makhleb
Nemelex Xobeh
Okawaru
Qazlal
Ru
Sif Muna
Trog
Uskayaw
Vehumet
Wu Jian
Xom
Yredelemnul
Jiyva
Lugonu

Shops:
D ?


Innate Abilities, Weirdness & Mutations

You have very sharp fingernails.
You have hoof-like feet.
You sometimes emit foul miasma when damaged in melee.
A meltable shield of frost defends you. (SH +4)
You have a small tail.


Message History

The earth elemental misses you.
You hit the earth elemental.
You tail-slap the earth elemental, but do no damage.
The earth elemental is moderately damaged.
You sock the earth elemental!
You kick the earth elemental, but do no damage.
Your tail-slap misses the earth elemental.
The earth elemental is moderately damaged.
The earth elemental hits you!!
You barely miss the earth elemental.
You kick the earth elemental, but do no damage.
You tail-slap the earth elemental.
The earth elemental is heavily damaged.
You completely miss the earth elemental.
You kick the earth elemental, but do no damage.
You tail-slap the earth elemental, but do no damage.
The earth elemental is heavily damaged.
The earth elemental hits you!!
You barely miss the earth elemental. You kick the earth elemental.
The earth elemental is heavily damaged.
You barely miss the earth elemental. You kick the earth elemental.
Your tail-slap misses the earth elemental.
The earth elemental is heavily damaged.
The earth elemental barely misses you.
You hit the earth elemental.
You kick the earth elemental, but do no damage.
The earth elemental is heavily damaged.
You sock the earth elemental!
You kick the earth elemental, but do no damage.
Your tail-slap misses the earth elemental.
The earth elemental is severely damaged.
You block the earth elemental's attack.
You hit the earth elemental.
The earth elemental is almost destroyed.
You hit the earth elemental but do no damage.
You kick the earth elemental, but do no damage.
The earth elemental is almost destroyed.
The earth elemental hits you!!!
You die...
Your body crumbles into a pile of gold.

__#___#__####.##....+
).#__)#._#.....)...##
#'#'###)##.).))).._.#
.........#..))))..###
⌠........#).)###∩##$
..######'#)))..###$
⌠.#__#...#'#######
..#__#...#..~~~'.#
###__#...#.#)§~#@#
).#v_#...'.#.§§#E#
__#__+...#.#..§#..
▓▓▓▓▓▓▓▓▓▓▓▓▓▓▓▓▓▓▓


You could see an earth elemental.

Vanquished Creatures
  Josephine (D)
  3 orc high priests (D)
  2 orc sorcerers (D)
  A deep elf pyromancer (D)
  A shadow (D)
  3 orc warriors (D)
  A water elemental (D)
  A necrophage (D)
  A scorpion (D)
  A jelly (D)
  2 orc priests (D)
  A wizard (D)
  A necromancer (D)
  An orc wizard (D)
  A kobold demonologist (D)
  3 humans (D)
  7 orcs (D)
  4 rats (D)
35 creatures vanquished.

Notes
Turn   | Place    | Note
-------+----------+-------------------------------------------
     0 | D        | rocky1 the Demonspawn Gladiator began the quest for the
                  | Orb.
     0 | D        | Reached XP level 1. HP: 16/16 MP: 1/1
     9 | D        | Reached skill level 3 in Maces & Flails
    70 | D        | Reached skill level 4 in Maces & Flails
    70 | D        | Gained mutation: A meltable shield of frost defends you.
                  | (SH +4) [demonic ancestry]
    70 | D        | Reached XP level 2. HP: 13/24 MP: 2/2
   220 | D        | Noticed a scorpion
   230 | D        | Killed a scorpion
   231 | D        | Reached skill level 5 in Maces & Flails
   231 | D        | Discovered your monstrous ancestry.
   231 | D        | Gained mutation: You have a small tail. [demonic ancestry]
   231 | D        | Reached XP level 3. HP: 15/31 MP: 3/3
   231 | D        | Gained mutation: You have large cloven feet. [demonic
                  | ancestry]
   231 | D        | Reached XP level 4. HP: 19/38 MP: 4/4
   362 | D        | Noticed a water elemental
   367 | D        | Killed a water elemental
   368 | D        | Reached skill level 5 in Fighting
   368 | D        | Reached skill level 7 in Maces & Flails
   368 | D        | Reached skill level 5 in Dodging
   368 | D        | Reached XP level 5. HP: 39/44 MP: 5/5
   554 | D        | Noticed a shadow
   559 | D        | HP: 1/46 [something (28)]
   560 | D        | Killed a shadow
   561 | D        | Reached skill level 9 in Maces & Flails
   561 | D        | Gained mutation: You have sharp fingernails. [demonic
                  | ancestry]
   561 | D        | Reached XP level 6. HP: 2/53 MP: 6/6
   750 | D        | Found a blossoming altar of Fedhas.
   750 | D        | Found a stormy altar of Qazlal.
   750 | D        | Found a snail-covered altar of Cheibriados.
   750 | D        | Found a burning altar of Makhleb.
   750 | D        | Found a shimmering altar of Xom.
   750 | D        | Noticed a spatial vortex
   751 | D        | Found a hazy altar of Hepliaklqana.
   751 | D        | Found an opulent altar of Gozag.
   751 | D        | Found a sparkling altar of Nemelex Xobeh.
   751 | D        | Found a corrupted altar of Lugonu.
   751 | D        | Found a viscous altar of Jiyva.
   804 | D        | Became a worshipper of Gozag Ym Sagoz the Greedy
   844 | D        | Found a basalt altar of Yredelemnul.
   844 | D        | Found a shadowy altar of Dithmenos.
   844 | D        | Found a sacrificial altar of Ru.
  1044 | D        | Found a hide-covered altar of Uskayaw.
  1044 | D        | Found an iron altar of Okawaru.
  1044 | D        | Found a bloodstained altar of Trog.
  1044 | D        | Found an ornate altar of the Wu Jian Council.
  1044 | D        | Noticed a human
  1045 | D        | Noticed a human
  1048 | D        | Killed a human
  1049 | D        | Reached skill level 10 in Maces & Flails
  1049 | D        | Gained mutation: You may rarely emit foul miasma when
                  | damaged in melee. [demonic ancestry]
  1049 | D        | Reached XP level 7. HP: 28/61 MP: 7/7
  1051 | D        | Killed a human
  1187 | D        | Found a radiant altar of Vehumet.
  1187 | D        | Found a shimmering blue altar of Sif Muna.
  1187 | D        | Found an ancient bone altar of Kikubaaqudgha.
  1206 | D        | Learned a level 3 spell: Frozen Ramparts
  1213 | D        | Noticed a deep elf pyromancer
  1216 | D        | Noticed a fire elemental
  1218 | D        | Killed a deep elf pyromancer
  1219 | D        | Gained mutation: You have hoof-like feet. [demonic
                  | ancestry]
  1219 | D        | Reached XP level 8. HP: 51/69 MP: 7/11
  1297 | D        | Noticed Josephine
  1299 | D        | Killed Josephine
  1300 | D        | Reached skill level 11 in Maces & Flails
  1300 | D        | Reached skill level 5 in Evocations
  1318 | D        | Noticed an orc sorcerer
  1318 | D        | Noticed an orc sorcerer
  1318 | D        | Noticed an orc high priest
  1318 | D        | Noticed an orc high priest
  1318 | D        | Paralysed by an orc sorcerer for 3 turns
  1322 | D        | Killed an orc sorcerer
  1322 | D        | Killed an orc high priest
  1323 | D        | Reached skill level 10 in Fighting
  1323 | D        | Reached skill level 5 in Armour
  1323 | D        | Reached skill level 5 in Spellcasting
  1323 | D        | Reached skill level 5 in Ice Magic
  1323 | D        | Gained mutation: You have very sharp fingernails. [demonic
                  | ancestry]
  1323 | D        | Reached XP level 9. HP: 45/78 MP: 13/16
  1323 | D        | Killed an orc sorcerer
  1324 | D        | Noticed an orc high priest
  1326 | D        | Killed an orc high priest
  1327 | D        | Reached skill level 12 in Maces & Flails
  1327 | D        | Gained mutation: You sometimes emit foul miasma when
                  | damaged in melee. [demonic ancestry]
  1327 | D        | Reached XP level 10. HP: 25/86 MP: 13/18
  1329 | D        | Killed an orc high priest
  1330 | D        | Reached skill level 10 in Dodging
  1440 | D        | Found Ofrec's Magic Scroll Emporium.
  1513 | D        | Bought 2 scrolls of brand weapon for 209 gold pieces
  1513 | D        | Bought a scroll of enchant armour for 82 gold pieces
  1513 | D        | Bought a scroll of fear for 44 gold pieces
  1513 | D        | Bought a scroll of identify for 22 gold pieces
  1513 | D        | Bought a scroll of identify for 22 gold pieces
  1569 | D        | Mangled by an earth elemental

Illustrated notes

Levels and vault maps discovered:
D:        dungeon_sprint_mu [sprint_mu_entry_forest, sprint_mu_temple_rooms,
          sprint_mu_d1_horrors, sprint_mu_d2_genie, sprint_mu_d3_branching,
          sprint_mu_orc_legion, sprint_mu_elf_gauntlet, sprint_mu_hive_nellie,
          sprint_mu_lair_fedhas, sprint_mu_vaults_butterflies,
          sprint_mu_slime_circle, sprint_mu_swamp_cave, sprint_mu_snake_twists,
          sprint_mu_blade_basic, sprint_mu_crypt_chambers,
          sprint_mu_tomb_spiral, sprint_mu_vestibule_basic,
          sprint_mu_gehenna_hellfire, sprint_mu_dis_giant,
          sprint_mu_tartarus_statrot, sprint_mu_cocytus_islands, sprint_mu_zot1]

Skill      XL: |  1  2  3  4  5  6  7  8  9 10 |
---------------+-------------------------------+-----
Maces & Flails | 4 5 7 9 10 11 12 | 12.3
Dodging        | 3 4 5 6 7 8 9 10 | 10.1
Fighting       | 3 4 5 6 7 8 10 | 10.7
Evocations     | 3 4 7 8 |  8.0
Armour         | 2 5 6 |  6.2
Spellcasting   | 2 5 6 |  6.1
Ice Magic      | 2 5 6 |  6.2
Throwing       | |  1.7

Action                   |  1- 3 |  4- 6 |  7- 9 | 10-12 || total
-------------------------+-------+-------+-------+-------++-------
Melee: Flail             |    32 |    33 |     3 |    12 ||    80
       Kick              |       |    15 |     2 |     9 ||    26
       Punch             |       |     1 |       |       ||     1
       Tailslap          |       |     4 |       |     3 ||     7
Throw: Throwing net      |     2 |       |       |       ||     2
       Javelin           |       |     1 |       |       ||     1
Evoke: Tin of tremorston |       |     2 |     8 |       ||    10
       Wand              |       |       |     3 |     2 ||     5
  Use: Potion            |       |     1 |       |     1 ||     2
       Scroll            |       |       |       |     4 ||     4
 Stab: Held in net/web   |     2 |       |       |       ||     2
       Distracted        |       |       |     1 |       ||     1
Armor: Leather armour    |     2 |     2 |       |       ||     4
Dodge: Dodged            |    15 |     6 |     1 |     3 ||    25
Block: Other             |       |     1 |       |     1 ||     2

Table legend: (Time is in decaauts)
 A = Elapsed time spent in this place.
 B = Non-inter-level travel time spent in this place.
 C = Inter-level travel time spent in this place.
 D = Time resting spent in this place.
 E = Time spent auto-exploring this place.
 F = Levels seen in this place.
 G = Mean time per level.
                   A        B        C        D        E       F      G
               +--------+--------+--------+--------+--------+-----+--------+
         Total |   1590 |   1590 |      0 |   1069 |      1 |   1 | 1590.0 |
       Dungeon |   1590 |   1590 |      0 |   1069 |      1 |   1 | 1590.0 |
               +--------+--------+--------+--------+--------+-----+--------+

Top non-repeatable levels by time:
       D: 1590 daAuts
